[Event "3eme tournoi de MI de JUVISY"]
[Site "Juvisy/Orge, France"]
[Date "2019.06.30"]
[Round "2.1"]
[White "MSELLEK, Ilyass"]
[Black "MOUHAMAD, Joachim"]
[Result "1-0"]
[ECO "B80"]
[WhiteElo "2239"]
[BlackElo "2302"]
[PlyCount "157"]
[EventDate "2019.??.??"]
[TimeControl "6600+1965"]
[WhiteClock "0:04:08"]
[BlackClock "0:01:52"]

1. e4 c5 2. Nf3 Nc6 3. d4 cxd4 4. Nxd4 e6 5. Nc3 d6 6. Be3 Nf6 7. Qe2 Be7 8.
O-O-O a6 9. g4 Nd7 10. f4 Qc7 11. Kb1 b5 12. Bg2 Bb7 13. Nxc6 Qxc6 14. a3 Rc8 15. g5 Qc4 16. Qg4 O-O 17. Rd4 Qc7 18. h4 e5 19. Rd2 exf4 20.
Bxf4 Rfd8 21. h5 Ne5 22. Bxe5 dxe5 23. Rxd8+ Bxd8 24. g6 Bf6 25.
Rd1 Rd8 26. Nd5 Bxd5 27. exd5 Qd7 28. gxf7+ Kxf7 29. Qe4 Kg8 30.
Rd3 Qf7 31. Bf3 g6 32. Bg4 Kg7 33. Be6 Qa7 34. Rf3 Rf8 35. hxg6 Qg1+ 36. Ka2 hxg6 37. Rd3 Qf2 38. Rc3 Qd4 39. Rc7+ Kh6 40. Qh1+ Qh4 41. Qg1 e4 42. Qe3+ Bg5 43. Qa7 Rh8 44. Rc6 Bf6 45. Qf7 Rh7 46. Qf8+ Bg7 47. Qf1 Be5 48. Bf5 Bf6 49. Bxe4 Qxe4 50. Qxf6 Qxd5+ 51. b3 Qe4 52. Rc3 Qg4 53. Rc5 Rg7 54. Rc8 Rh7 55. Rc5 Rg7 56. Qf8 Qd7 57. Qh8+ Rh7 58. Qf6 Rf7 59. Qh8+ Rh7 60. Qe5 Re7 61. Qh8+ Rh7 62. Qf6 Rf7 63. Qxa6 Rf5 64.
Qc8 Qxc8 65. Rxc8 g5 66. c4 g4 67. cxb5 Rf2+ 68. Kb1 g3 69. Rc3 g2 70. Rg3 Rf1+ 71. Kc2 g1=Q 72. Rxg1 Rxg1 73. a4 Kg6 74. b6 Kf6 75. b7 Rg8 76. a5 Ke5 77. a6 Kd4 78. a7 Rg2+ 79. Kb1 1-0

[Event "3eme tournoi de MI de JUVISY"]
[Site "Juvisy/Orge, France"]
[Date "2019.06.30"]
[Round "2.4"]
[White "BON, Michael"]
[Black "LAZO, Andrei"]
[Result "0-1"]
[ECO "C02"]
[WhiteElo "2400"]
[BlackElo "2279"]
[PlyCount "58"]
[EventDate "2019.??.??"]
[TimeControl "6600+950"]
[WhiteClock "0:10:48"]
[BlackClock "0:17:22"]

1. e4 e6 2. d4 d5 3. e5 c5 4. c3 Qb6 5. Nf3 Nc6 6. a3 Nh6 7. b4 cxd4 8. b5 Na5 9. Bxh6 gxh6 10. cxd4 Bd7 11. Nbd2 Rc8 12. a4 Rg8 13. g3 Rg4 14. Bd3 Bb4 15. O-O Bc3 16. Rc1 Bxd4 17.
Rxc8+ Bxc8 18. Kg2 Bc5 19. h3 Rb4 20. Qc2 Bd7 21. Bxh7 a6 22.
Rc1 Nc4 23. Bg8 Rb2 24. Qh7 Nxd2 25. Bxf7+ Kd8 26. Qh8+ Kc7 27.
Nxd2 Rxd2 28. Qf8 Rxf2+ 29. Kh1 Rf1+ 0-1

[Event "3eme tournoi de MI de JUVISY"]
[Site "Juvisy/Orge, France"]
[Date "2019.06.30"]
[Round "2.2"]
[White "DELORME, Alban"]
[Black "NGUYEN, Vincent"]
[Result "1-0"]
[ECO "A04"]
[WhiteElo "2327"]
[BlackElo "2315"]
[PlyCount "115"]
[EventDate "2019.??.??"]
[TimeControl "6600+1720"]
[WhiteClock "0:11:49"]
[BlackClock "0:22:00"]

1. Nf3 e6 2. g3 f5 3. Bg2 Nf6 4. O-O Be7 5. d3 O-O 6. Nbd2 d6 7. e4 fxe4 8. dxe4 e5 9. c3 Kh8 10. Nh4 Nc6 11. Nc4 Ng8 12. Nf5 Bxf5 13.
exf5 Rxf5 14. Qd3 Rf8 15. b4 a6 16. a4 Qc8 17. Ba3 Rd8 18.
Rfe1 Nf6 19. b5 axb5 20. axb5 Na5 21. Nd2 c5 22. c4 Ra7 23. Bb2 b6 24. Bc3 Qb8 25. Ne4 Nxe4 26. Bxe4 g6 27. f4 Bf6 28. Bd5 Bg7 29. Ra2 Rf8 30. fxe5 dxe5 31. Rae2 Re7 32. Re4 Qd6 33. Qe3 Rfe8 34. Bb2 Qc7 35. Ra1 Qd6 36. Kg2 Rd8 37. Re1 Rde8 38. Ra1 Rd8 39. Ra3 Rf8 40. Bc3 Nb7 41. Qe2 Rb8 42. Ra7 Bf6 43. Rxb7 Rbxb7 44. Bxb7 Rxb7 45. Rxe5 Kg7 46. Re6 Qxe6 47. Qxe6 Bxc3 48. Qc6 Rf7 49. Qxb6 Bd4 50. h4 h5 51. Qc6 Rf2+ 52. Kh3 Rb2 53. b6 Be5 54. Qxc5 Kf6 55.
Qe3 Ke6 56. Qd3 Kf6 57. c5 Kf7 58. Qe3 1-0

[Event "3eme tournoi de MI de JUVISY"]
[Site "Juvisy/Orge, France"]
[Date "2019.07.01"]
[Round "3.1"]
[White "NGUYEN, Vincent"]
[Black "GEVORGYAN, David Sh"]
[Result "0-1"]
[ECO "C55"]
[WhiteElo "2315"]
[BlackElo "2321"]
[PlyCount "94"]
[EventDate "2019.??.??"]
[TimeControl "6600+3395"]
[WhiteClock "0:36:19"]
[BlackClock "0:29:04"]

1. e4 e5 2. Nf3 Nc6 3. Bc4 Be7 4. d3 Nf6 5. a4 O-O 6. O-O d6 7. h3 Kh8 8. Ng5 Kg8 9. f4 d5 10. exd5 Nxd5 11. Qh5 h6 12. Ne4 Nxf4 13. Bxf4 exf4 14. Rxf4 Qd4+ 15. Kh1 Qe5 16. Qxe5 Nxe5 17. Bb3 g5 18. Rf2 Kg7 19. Nbc3 f5 20. Nd2 c6 21. d4 Ng6 22. Re1 g4 23.
Rfe2 Bh4 24. Rf1 Bd7 25. Be6 Bxe6 26. Rxe6 Rad8 27. Nb3 h5 28. Nc5 b6 29. Nd3 Rxd4 30. Rxc6 Bd8 31. b3 Rf6 32. Rc8 Rd7 33. Ra8 Rc6 34. Ne2 Rxc2 35. Nef4 Bc7 36. Nb4 Rcd2 37. Ne6+ Kf6 38. Nf8 Rf7 39. Nxg6 Kxg6 40. Rxa7 gxh3 41. gxh3 Kh6 42. Re1 Rh2+ 43. Kg1 Rg7+ 44. Kf1 Rh1+ 45. Kf2 Bg3+ 46. Kg2 Bxe1+ 47. Rxg7 Kxg7 0-1

[Event "3eme tournoi de MI de JUVISY"]
[Site "Juvisy/Orge, France"]
[Date "2019.07.01"]
[Round "3.2"]
[White "LAZO, Andrei"]
[Black "ONKOUD, Abdelaziz"]
[Result "0-1"]
[ECO "A54"]
[WhiteElo "2279"]
[BlackElo "2328"]
[PlyCount "92"]
[EventDate "2019.??.??"]
[TimeControl "6600+725"]
[WhiteClock "0:30:31"]
[BlackClock "0:40:01"]

1. d4 d6 2. c4 e5 3. e3 Nf6 4. Nc3 Be7 5. Nf3 Nbd7 6. Be2 O-O 7. h3 c6 8. d5 cxd5 9. cxd5 Ne8 10. e4 a6 11. a4 a5 12. Be3 b6 13. Bb5 Nc5 14. Bxc5 bxc5 15. Nd2 g6 16. g4 Ng7 17. Rg1 Rb8 18. Qf3 Bg5 19. Nc4 h6 20.
Ne3 Rb7 21. Qg2 Kh8 22. Ke2 f5 23. f3 Rbf7 24. Raf1 fxg4 25. hxg4 Ne8 26. Rh1 Nf6 27. Ned1 Nh7 28. Kd3 Kg7 29. Ne2 Qb6 30. b3 Ba6 31. Nec3 c4+ 32. bxc4 Qd4+ 33. Kc2 Bxb5 34. axb5 Qxc4 35. Qe2 Qb4 36. b6 Qxb6 37. Qb5 Qc7 38. Rh3 Rb8 39. Qa4 Rb4 40. Qc6 Qb8 41. Rfh1 Rc7 42. Qa6 Rb6 43. Qf1 Rb1 44. Rxh6 Qb3+ 45. Kd3 Qc4+ 46. Kc2 Qa2+ 0-1

[Event "3eme tournoi de MI de JUVISY"]
[Site "Juvisy/Orge, France"]
[Date "2019.07.01"]
[Round "3.3"]
[White "HARUTYUNYAN, Ruben"]
[Black "BON, Michael"]
[Result "0-1"]
[ECO "B54"]
[WhiteElo "2316"]
[BlackElo "2400"]
[PlyCount "56"]
[EventDate "2019.??.??"]
[TimeControl "6600+2225"]
[WhiteClock "0:01:47"]
[BlackClock "0:29:53"]

1. e4 c5 2. Nf3 a6 3. c4 e6 4. Nc3 d6 5. d4 cxd4 6. Nxd4 Nf6 7. Be2 Be7 8.
O-O Nc6 9. Be3 O-O 10. f4 Bd7 11. Nc2 Rc8 12. Bd3 Na5 13. e5 Ne8 14. Qh5 f5 15. exf6 Nxf6 16. Qe2 Qc7 17. g4 Nxc4 18. g5 Nxb2 19. Bd4 Nxd3 20. Qxd3 Nh5 21. Qe3 Qa5 22. h4 Qf5 23. Ne1 Nxf4 24. Ng2 Nxg2 25. Kxg2 Qg4+ 26. Kh2 Qxh4+ 27. Kg1 Qg4+ 28. Kh2 Bc6 0-1

[Event "3eme tournoi de MI de JUVISY"]
[Site "Juvisy/Orge, France"]
[Date "2019.07.01"]
[Round "3.4"]
[White "MOUHAMAD, Joachim"]
[Black "DELORME, Alban"]
[Result "1/2-1/2"]
[ECO "B45"]
[WhiteElo "2302"]
[BlackElo "2327"]
[PlyCount "142"]
[EventDate "2019.??.??"]
[TimeControl "6600+1110"]
[WhiteClock "0:04:04"]
[BlackClock "0:54:31"]

1. e4 c5 2. Nf3 Nc6 3. d4 cxd4 4. Nxd4 Nf6 5. Nc3 e6 6.
Ndb5 Bb4 7. Nd6+ Ke7 8. Nxc8+ Rxc8 9. Bd3 d5 10. exd5 Qxd5 11. O-O Bxc3 12. bxc3 Rhd8 13. c4 Qh5 14. Rb1 Rd7 15. Ba3+ Ke8 16. Qe1 Qe5 17. Qd1 Qh5 18. Qd2 Qa5 19. Qc1 Ne5 20. Rb5 Qc7 21. Qg5 Ng6 22. Rfb1 h6 23. Qe3 Ng4 24. Qh3 Qf4 25. Qg3 Qxg3 26. hxg3 Rcc7 27. Be4 N6e5 28. Rxb7 Rxc4 29. Rb8+ Rd8 30. Rxd8+ Kxd8 31. f3 f5 32. Bd3 Nxd3 33. cxd3 Ra4 34. Bf8 Ne5 35. Bxg7 Nf7 36. Rb2 e5 37. Bf8 Kc7 38. Bc5 a6 39. Bb6+ Kc6 40. Kf2 Nd6 41. g4 fxg4 42. fxg4 Rxg4 43. Be3 Nf5 44. Rb6+ Kd5 45. Bc1 Ra4 46. a3 h5 47. Rb8 Ra5 48. Rd8+ Ke6 49. Rc8 Rd5 50. Rc3 Nd4 51. Ke3 Kf5 52. Rc8 Ne6 53. Ke2 Rc5 54. Rxc5 Nxc5 55. Be3 Ne6 56. Kf3 Nc7 57. Kg3 Nb5 58. Bc5 Nc3 59. Kh4 Na4 60. Ba7 Nb2 61. Kxh5 Nxd3 62. g4+ Ke6 63. Kh6 e4 64. g5 Ne5 65. g6 Nxg6 66. Kxg6 e3 67. Bxe3 a5 68. a4 Kd5 69. Bb6 Kc4 70. Bxa5 Kb3 71.
Bb6 Kxa4 1/2-1/2

[Event "3eme tournoi de MI de JUVISY"]
[Site "Juvisy/Orge, France"]
[Date "2019.06.30"]
[Round "2.3"]
[White "GEVORGYAN, David Sh"]
[Black "HARUTYUNYAN, Ruben"]
[Result "1/2-1/2"]
[ECO "E49"]
[WhiteElo "2321"]
[BlackElo "2316"]
[PlyCount "107"]
[EventDate "2019.??.??"]
[WhiteTeam "Club 608"]
[BlackTeam "Clichy-Echecs-92"]
[TimeControl "6600+1390"]
[WhiteClock "0:00:59"]
[BlackClock "0:03:46"]

1. d4 Nf6 2. c4 e6 3. Nc3 Bb4 4. e3 O-O 5. Bd3 d5 6. a3 Bxc3+ 7. bxc3 dxc4 8. Bxc4 c5 9. Ne2 Qc7 10.
Bd3 b6 11. O-O Ba6 12. Bxa6 Nxa6 13. Qd3 Nb8 14. e4 Nc6 15. Bg5 Nd7 16. f4 f5 17. Qc4 Kh8 18. exf5 exf5 19. d5 Na5 20. Qd3 c4 21. Qf3 Nb3 22.
Rad1 Qd6 23. g4 Qxa3 24. gxf5 Qc5+ 25. Kh1 Rae8 26. Ng3 Re3 27.
Qg2 Rfe8 28. d6 Rd3 29. Be7 Rxd1 30. Rxd1 Rg8 31. Qe4 Qc8 32. Kg1 Qa8 33. Qxc4 Nbc5 34. Rd5 a5 35. f6 Nxf6 36. Bxf6 gxf6 37. Qd4 Qd8 38. Kf1 a4 39. Nh5 Nd7 40. Qxa4 Qe8 41. Qd4 Qg6 42. Rg5 Qb1+ 43. Kg2 Qc2+ 44. Kg3 Rc8 45. Nxf6 Qxc3+ 46. Qxc3 Rxc3+ 47. Kg4 Nxf6+ 48. Kf5 Nd7 49. Ke6 h6 50. Rg3 Nc5+ 51. Kf7 Rc4 52. Rg8+ Kh7 53. Rg7+ Kh8 54. Rg8+ {[%emt 0:00:11] Rd4 [%emt 00:00:28]} 1/2-1/2

[Event "3eme tournoi de MI de JUVISY"]
[Site "Juvisy/Orge, France"]
[Date "2019.07.02"]
[Round "4.2"]
[White "Delorme, Alban"]
[Black "Belkhodja, Slim"]
[Result "1/2-1/2"]
[ECO "B33"]
[WhiteElo "2327"]
[BlackElo "2416"]
[PlyCount "24"]
[EventDate "2019.??.??"]
[WhiteTeam "Echecs 16"]
[BlackTeam "J.E.E.N"]
[TimeControl "5400+55"]
[WhiteClock "1:27:45"]
[BlackClock "1:27:31"]

1. e4 c5 2. Nf3 Nc6 3. d4 cxd4 4. Nxd4 e5 5. Nb5 Nf6 6. Bg5 d6 7. N1c3 a6 8.
Na3 b5 9. Nd5 Qa5+ 10. Bd2 Qd8 11. Bg5 Qa5+ 12. Bd2 Qd8 1/2-1/2

[Event "3eme tournoi de MI de JUVISY"]
[Site "Juvisy/Orge, France"]
[Date "2019.07.02"]
[Round "4.3"]
[White "Gevorgyan, David"]
[Black "Mouhamad, Joachin"]
[Result "1/2-1/2"]
[ECO "D90"]
[WhiteElo "2321"]
[BlackElo "2302"]
[PlyCount "96"]
[EventDate "2019.??.??"]
[WhiteTeam "Club 608 d'Echecs Paris"]
[BlackTeam "Clichy-Echecs-92"]
[TimeControl "6600+2115"]
[WhiteClock "0:04:01"]
[BlackClock "0:13:01"]

1. d4 Nf6 2. c4 g6 3. Nc3 d5 4. cxd5 Nxd5 5. Bd2 Bg7 6. e4 Nxc3 7. Bxc3 O-O 8. Nf3 c5 9. d5 Bxc3+ 10. bxc3 Bg4 11. Be2 Bxf3 12. Bxf3 Nd7 13. O-O Qc7 14. c4 Rad8 15. Qb3 e5 16. Rab1 b6 17. Qd3 Nf6 18. g3 Ne8 19. Bg4 Nd6 20. f4 Qe7 21. Rbe1 Rfe8 22. f5 Qg5 23. Qe2 h5 24. Bh3 Rf8 25. Rf3 Qh6 26. f6 Kh8 27. Rf2 Rg8 28. Bf1 g5 29. Qb2 Rde8 30. Qa3 Ra8 31. Qc3 Rae8 32. Bd3 Rg6 33. Ref1 g4 34. Qe1 Qg5 35. Qe2 Rh6 36. Bc2 Rg8 37.
Ba4 Rgg6 38. Bd7 Rxf6 39. Bf5 Kg7 40. Kg2 Rh8 41. h4 Qh6 42.
a4 Rb8 43. Qd3 Re8 44. Qc3 Re7 45. Kh2 Nb7 46. Kg2 Nd6 47. Kh2 Re8 48. Kg2 Re7 1/2-1/2

[Event "3eme tournoi de MI de JUVISY"]
[Site "Juvisy/Orge, France"]
[Date "2019.07.02"]
[Round "4.4"]
[White "Bon, Michael"]
[Black "Nguyen, Vincent"]
[Result "1-0"]
[ECO "C01"]
[WhiteElo "2400"]
[BlackElo "2315"]
[PlyCount "49"]
[EventDate "2019.??.??"]
[WhiteTeam "Club du Canal St-Martin Paris"]
[BlackTeam "La tour de Juvisy"]
[TimeControl "6600+2000"]
[WhiteClock "0:05:55"]
[BlackClock "0:16:52"]

1. e4 e6 2. d4 d5 3. exd5 exd5 4. Nf3 Bf5 5. c4 Nc6 6. cxd5 Qxd5 7. Nc3 Bb4 8. Bd2 Qe6+ 9. Be2 Nf6 10. O-O O-O-O 11. Be3 h6 12. Qa4 Nd5 13. Nxd5 Qxd5 14. Rac1 Bd6 15. b4 Be4 16. b5 Nb8 17. Qxa7 Qh5 18. Rfe1 f5 19. Ne5 Qh4 20. f4 Qf6 21. Nc4 Kd7 22. d5 g5 23.
Bd4 Qf8 24. Nxd6 cxd6 25. Qxb7+ 1-0

[Event "3eme tournoi de MI de JUVISY"]
[Site "Juvisy/Orge, France"]
[Date "2019.07.03"]
[Round "5.1"]
[White "HARUTYUNYAN, Ruben"]
[Black "ONKOUD, Abdelaziz"]
[Result "1-0"]
[ECO "B07"]
[WhiteElo "2316"]
[BlackElo "2328"]
[PlyCount "33"]
[EventDate "2019.??.??"]
[WhiteTeam "Clichy-Echecs 92"]
[BlackTeam "Livry-gargan"]
[TimeControl "6600+1570"]
[WhiteClock "0:28:06"]
[BlackClock "1:07:58"]

1. e4 d6 2. d4 Nf6 3. Nc3 c6 4. f4 Qa5 5. Bd3 e5 6. Nf3 exd4 7. Nxd4 g6 8.
O-O Bg7 9. Kh1 O-O 10. f5 Nbd7 11. Qe1 Re8 12. Qh4 d5 13. fxg6 hxg6 14. Bh6 dxe4 15. Nf5 Bh8 16. Nxe4 Re5 17. Bd2 1-0

[ePGN "0.1;DGT LiveChess/2.2.4"]

[Event "3eme tournoi de MI de JUVISY"]
[Site "Juvisy/Orge, France"]
[Date "2019.07.03"]
[Round "5.2"]
[White "NGUYEN, Vincent"]
[Black "LAZO, Andrei"]
[Result "1-0"]
[ECO "B40"]
[WhiteElo "2315"]
[BlackElo "2279"]
[PlyCount "33"]
[EventDate "2019.??.??"]
[TimeControl "6600+2010"]
[WhiteClock "0:37:47"]
[BlackClock "0:50:56"]

1. e4 e6 2. d4 d5 3. Nd2 c5 4. Ngf3 cxd4 5. Nxd4 Nc6 6. Nxc6 bxc6 7. Bd3 Nf6 8. O-O Qc7 9. f4 dxe4 10. Nxe4 Nxe4 11. Bxe4 Ba6 12. Rf3 Bc5+ 13. Kh1 Rd8 14. Qe1 O-O 15. Bd2 Qd6 16. Ba5 Rd7 17. Qh4 1-0

[Event "3eme tournoi de MI de JUVISY"]
[Site "Juvisy/Orge, France"]
[Date "2019.07.03"]
[Round "5.4"]
[White "BELKHODJA, Slim"]
[Black "GEVORGYAN, David Sh"]
[Result "1/2-1/2"]
[ECO "A13"]
[WhiteElo "2416"]
[BlackElo "2321"]
[PlyCount "34"]
[EventDate "2019.??.??"]
[TimeControl "6600+1110"]
[WhiteClock "0:53:50"]
[BlackClock "0:40:57"]

1. b3 d5 2. Bb2 c5 3. e3 e6 4. Nf3 Nf6 5. c4 Be7 6. cxd5 Qxd5 7. Be2 O-O 8.
O-O Nc6 9. d3 b6 10. Nbd2 Bb7 11. a3 Rfd8 12. Qc2 Rac8 13. Rad1 Qd7 14. Qb1 Nd5 15. Rfe1 Bf6 16. Bxf6 Nxf6 17. Qb2 Qe7 1/2-1/2

[ePGN "0.1;DGT LiveChess/2.2.4"]

[Event "3eme tournoi de MI de JUVISY"]
[Site "Juvisy/Orge, France"]
[Date "2019.07.03"]
[Round "5.3"]
[White "MOUHAMAD, Joachim"]
[Black "BON, Michael"]
[Result "0-1"]
[ECO "B66"]
[WhiteElo "2302"]
[BlackElo "2400"]
[PlyCount "32"]
[EventDate "2019.??.??"]
[TimeControl "6600+1310"]
[WhiteClock "0:40:42"]
[BlackClock "0:51:57"]

1. e4 c5 2. Nf3 d6 3. d4 cxd4 4. Nxd4 Nf6 5. Nc3 Nc6 6. Bg5 e6 7. Qd2 a6 8. O-O-O h6 9. Be3 Qc7 10. f3 Be7 11. g4 Nd7 12. f4 b5 13. Nxc6 Qxc6 14. Bg2 Bb7 15. Rhe1 Rg8 16. Kb1 g5 0-1

[Event "3eme tournoi de MI de JUVISY"]
[Site "Juvisy/Orge, France"]
[Date "2019.07.05"]
[Round "7.3"]
[White "BELKHODJA, Slim"]
[Black "LAZO, Andrei"]
[Result "1-0"]
[ECO "C00"]
[WhiteElo "2416"]
[BlackElo "2279"]
[PlyCount "70"]
[EventDate "2019.??.??"]
[WhiteTeam "J.E.E.N"]
[BlackTeam "Canal St Martin"]
[TimeControl "6600+450"]
[WhiteClock "0:29:42"]
[BlackClock "0:47:38"]

1. e4 e6 2. Nf3 d5 3. e5 c5 4. b4 b6 5. bxc5 bxc5 6. c4 d4 7. g3 Bb7 8. Bg2 Nc6 9. O-O Qc7 10. d3 Nge7 11. Re1 Nf5 12. Nbd2 h5 13. h4 Be7 14. Ne4 f6 15.
Rb1 Rb8 16. exf6 gxf6 17. Nxf6+ Bxf6 18. Rxe6+ Kf7 19. Rxb7 Qxb7 20. Rxc6 Qxc6 21. Ng5+ Bxg5 22. Bxc6 Bxc1 23.
Bd5+ Ke7 24. Qxc1 Rhf8 25. Qf4 Rb1+ 26. Kh2 Rb2 27. Qc7+ Kf6 28. Kg1 Rb1+ 29. Kg2 Rb2 30. Qxc5 Kg7 31. Qc7+ Kf6 32. Qf4 Ke7 33. Kh3 Re2 34. Be4 Nd6 35. Qe5+ Kd7 1-0

[Event "3eme tournoi de MI de JUVISY"]
[Site "Juvisy/Orge, France"]
[Date "2019.07.05"]
[Round "7.1"]
[White "NGUYEN, Vincent"]
[Black "ONKOUD, Abdelaziz"]
[Result "1-0"]
[ECO "B06"]
[WhiteElo "2315"]
[BlackElo "2328"]
[PlyCount "77"]
[EventDate "2019.??.??"]
[WhiteTeam "Juvisy"]
[BlackTeam "Livry-Gargan"]
[WhiteTeamCountry "FRA"]
[TimeControl "6600+1080"]
[WhiteClock "0:15:13"]
[BlackClock "0:46:22"]

1. e4 d6 2. d4 g6 3. Nc3 Bg7 4. Be3 a6 5. a4 e6 6. g3 Ne7 7. Bg2 Nd7 8. Nge2 b6 9. Qd2 h6 10. O-O Bb7 11. Rad1 c6 12. f4 f5 13. d5 exd5 14. Bd4 Nf6 15. e5 dxe5 16. fxe5 Ne4 17. Nxe4 dxe4 18. Nf4 Bc8 19. Qf2 Rb8 20. Bc5 Qc7 21. Bd6 Qb7 22. Bxe4 O-O 23. Bg2 Kh7 24. Rfe1 Ra8 25. b4 b5 26. a5 g5 27. Nd3 f4 28. Nc5 Qa7 29. e6 f3 30. Bxf3 Kg8 31. g4 Rf6 32.
Be5 Rf8 33. Bxg7 Kxg7 34. Qd4+ Kg8 35. Be4 Qc7 36. Rf1 Rf4 37. Rxf4 Qxf4 38. Qd8+ Qf8 39. Qc7 1-0

[Event "3eme tournoi de MI de JUVISY"]
[Site "Juvisy/Orge, France"]
[Date "2019.07.05"]
[Round "7.2"]
[White "MOUHAMAD, Joachim"]
[Black "HARUTYUNYAN, Ruben"]
[Result "1-0"]
[ECO "B67"]
[WhiteElo "2302"]
[BlackElo "2316"]
[PlyCount "91"]
[EventDate "2019.??.??"]
[WhiteTeam "Clichy Echecs 92"]
[BlackTeam "Clichy Echecs 92"]
[TimeControl "3600+545"]
[WhiteClock "0:56:33"]
[BlackClock "0:41:48"]

1. e4 c5 2. Nf3 d6 3. d4 cxd4 4. Nxd4 Nf6 5. Nc3 Nc6 6. Bg5 e6 7. Qd2 a6 8. O-O-O Bd7 9. f4 h6 10. Bh4 g5 11. fxg5 Ng4 12. Be2 Nge5 13.
Nf3 Be7 14. Bf2 hxg5 15. Na4 b5 16. Nb6 Rb8 17. Nxd7 Nxd7 18. Qc3 Nce5 19. Nxe5 Nxe5 20. h3 Rc8 21. Qb3 Nc4 22. Rhf1 Qc7 23. Bd4 Rh4 24. Bg4 Ne5 25. Bxe5 dxe5 26. Rf3 Rh6 27. Rdf1 Bc5 28. a4 b4 29. Qd3 Bd4 30. Rxf7 Qxf7 31. Rxf7 Kxf7 32. Qxa6 Rc7 33. Qd6 Rb7 34. a5 Rf6 35. a6 Ra7 36. Qxb4 Rf1+ 37. Kd2 Ra1 38. c3 Bg1 39. Bh5+ Kg7 40. Be2 Rd7+ 41. Kc2 Be3 42. Kb3 Kf7 43. Bh5+ Kg7 44. Qb5 Ra7 45. Qxe5+ Kh7 46. Be2 1-0

[Event "3eme tournoi de MI de JUVISY"]
[Site "Juvisy/Orge, France"]
[Date "2019.07.05"]
[Round "7.4"]
[White "MSELLEK, Ilyass"]
[Black "BON, Michael"]
[Result "0-1"]
[ECO "D05"]
[WhiteElo "2239"]
[BlackElo "2400"]
[PlyCount "158"]
[EventDate "2019.??.??"]
[WhiteTeam "Tremblay"]
[BlackTeam "Canal St Martin"]
[TimeControl "6600+1205"]
[WhiteClock "0:01:05"]
[BlackClock "0:04:15"]

1. d4 Nf6 2. Nf3 e6 3. e3 b6 4. Bd3 Bb7 5. O-O Be7 6. Nbd2 d5 7. b3 O-O 8. Bb2 Nbd7 9. Ne5 Nxe5 10. dxe5 Nd7 11. f4 g6 12. Qg4 Nc5 13.
Be2 a5 14. a3 Ba6 15. Bxa6 Rxa6 16. Qe2 Ra8 17. Rad1 Qd7 18. e4
dxe4 19. Nxe4 Qc6 20. Nf6+ Bxf6 21. exf6 Rad8 22. Rfe1 Rd5 23. b4 axb4 24. axb4 Na4 25. Rxd5 exd5 26. Be5 Nc3 27. Qd2 Ne4 28. Rxe4 dxe4 29. f5 e3 30. Qxe3 Rd8 31. h3 Qe8 32. Qh6 Qf8 33. Qf4 c5 34. b5 Rd1+ 35. Kh2 Rd5 36.
c4 Rd7 37. Qf3 Qe8 38. Bg3 Qd8 39. Be5 Qe8 40. Bg3 Qd8 41. Qc6 g5 42. Be5 h6 43. Qf3 Kh7 44. Qc6 Rd1 45. Qb7 Rd7 46. Qc6 Ra7 47. Bd6 Qxf6 48.
Bb8 Qxc6 49. bxc6 Re7 50. Bd6 Re8 51. c7 Kg7 52. Be7 Rc8 53.
Bd8 Kf8 54. Kg3 Ke8 55. Kf3 Kd7 56. Ke4 Kd6 57. g3 Ra8 58. h4 gxh4 59. gxh4 Rc8 60. h5 Ra8 61. Kf4 Rc8 62. Ke4 Rxc7 63. Bxc7+ Kxc7 64. Ke5 Kd7 65. Kf6 b5 66. Kxf7 bxc4 67. Kg7 c3 68. f6 c2 69. f7 c1=Q 70. f8=Q Qg5+ 71. Kh8 Qd8 72. Qxd8+ Kxd8 73. Kg7 c4 74. Kxh6 c3 75. Kg7 c2 76. h6 c1=Q 77. h7 Qg5+ 78. Kf7 Qe7+ 79. Kg8 Ke8 0-1

[Event "3eme tournoi de MI de JUVISY"]
[Site "Juvisy/Orge, France"]
[Date "2019.07.06"]
[Round "8.2"]
[White "BON, Michael"]
[Black "DELORME, Alban"]
[Result "1-0"]
[ECO "B01"]
[WhiteElo "2400"]
[BlackElo "2327"]
[PlyCount "59"]
[EventDate "2019.??.??"]
[WhiteTeam "Canal St Martin"]
[BlackTeam "Echecs 16"]
[TimeControl "6000+1155"]
[WhiteClock "0:02:54"]
[BlackClock "0:18:09"]

1. e4 d5 2. exd5 Qxd5 3. d4 g6 4. c4 Qd6 5. Nc3 Bg7 6. Nf3 Nh6 7. Nb5 Qd8 8. Bf4 Na6 9. Qd2 Nf5 10. O-O-O Nd6 11. Bh6 Bf6 12. h3 Bf5 13.
g4 Be4 14. Qf4 Bxf3 15. Qxf3 c6 16. Nc3 c5 17. dxc5 Nxc5 18. Nb5 Nce4 19. Nxd6+ Nxd6 20. g5 Be5 21. Qe3 Qa5 22. f4 O-O-O 23. Qxe5 Qxa2 24. Bd3 Rhe8 25. Qc3 Kb8 26. Bg7 f6 27. gxf6 Nb5 28. Qe5+ Ka8 29. Qxb5 exf6 30. Be4 1-0

[Event "3eme tournoi de MI de JUVISY"]
[Site "Juvisy/Orge, France"]
[Date "2019.07.06"]
[Round "8.3"]
[White "HARUTYUNYAN, Ruben"]
[Black "BELKHODJA, Slim"]
[Result "1/2-1/2"]
[ECO "B00"]
[WhiteElo "2316"]
[BlackElo "2416"]
[PlyCount "100"]
[EventDate "2019.??.??"]
[WhiteTeam "Clichy echecs 92"]
[BlackTeam "J.E.E.N"]
[TimeControl "6600+1060"]
[WhiteClock "0:36:36"]
[BlackClock "0:55:19"]

1. e4 Nc6 2. Nf3 d6 3. d4 Nf6 4. Nc3 Bg4 5. d5 Ne5 6. Bb5+ c6 7. Nxe5 Bxd1 8. dxc6 dxe5 9. c7+ Qd7 10. Bxd7+ Kxd7 11. Kxd1 Kxc7 12. f3 e6 13. Be3 Kc6 14. Ke2 h5 15. Rad1 Be7 16. Nb1 Rhd8 17. Nd2 Ne8 18. Nc4 f6 19. Rxd8 Bxd8 20. a4 Be7 21. Rd1 Nd6 22. Na5+ Kc7 23.
Rd3 g5 24. Rc3+ Kd7 25. Nb3 b6 26. a5 Rb8 27. axb6 axb6 28. Nd2 g4 29. Nc4 Nxc4 30. Rxc4 b5 31. Rc3 gxf3+ 32. Kxf3 b4 33. Rb3 Rc8 34. Bd2 Rxc2 35. Bxb4 Bxb4 36. Rxb4 f5 37. h4 Rd2 38. Rb7+ Kd6 39. Rb6+ Ke7 40. exf5 exf5 41. Rh6 Rxb2 42. Rxh5 Rb3+ 43. Ke2 Ke6 44. Rg5 Rb2+ 45. Kf3 Kf6 46. g3 e4+ 47. Kf4 Rf2+ 48. Ke3 Rf1 49. g4 Rf3+ 50. Ke2 fxg4 1/2-1/2

[Event "3eme tournoi de MI de JUVISY"]
[Site "Juvisy/Orge, France"]
[Date "2019.07.06"]
[Round "8.4"]
[White "NGUYEN, Vincent"]
[Black "MOUHAMAD, Joachim"]
[Result "1/2-1/2"]
[ECO "C55"]
[WhiteElo "2315"]
[BlackElo "2302"]
[PlyCount "97"]
[EventDate "2019.??.??"]
[WhiteTeam "Juvisy"]
[BlackTeam "Clichy echecs 92"]
[TimeControl "6600+1115"]
[WhiteClock "0:34:51"]
[BlackClock "0:20:31"]

1. e4 e5 2. Nf3 Nc6 3. Bc4 Be7 4. d3 Nf6 5. a4 O-O 6. O-O d5 7. exd5 Nxd5 8.
h3 Kh8 9. Re1 f6 10. c3 Be6 11. b4 Qd7 12. Qb3 Rad8 13. Ra2 Rfe8 14. a5 a6 15. b5 axb5 16. Qxb5 Bf8 17. Bd2 Ra8 18. Ra4 Ra7 19. d4 Rea8 20. dxe5 Nxe5 21. Nxe5 fxe5 22. Rxe5 c6 23. Qb2 Bd6 24. Re1 b5 25. Bxd5 Bxd5 26. Rg4 Be6 27. Rge4 Bc4 28. Be3 Rxa5 29. Bd4 c5 30. Be5 Bxe5 31. Rxe5 Ra2 32. Qc1 Rf8 33. f3 h6 34. Qe3 Qf7 35. Qxc5 Rfa8 36. Qd6 Kh7 37. R5e4 R8a6 38. Qd4 Rg6 39. Rg4 h5 40. Rxg6 Qxg6 41. Nd2 Bd3 42. Qf4 Qb6+ 43. Kh2 Qf2 44. Re6 Qxd2 45. Rh6+ gxh6 46. Qf7+ Kh8 47. Qf8+ Kh7 48. Qf7+ Kh8 49. Qf8+ 1/2-1/2

[Event "3eme tournoi de MI de JUVISY"]
[Site "Juvisy/Orge, France"]
[Date "2019.07.07"]
[Round "9.1"]
[White "MOUHAMAD, Joachim"]
[Black "ONKOUD, Abdelaziz"]
[Result "1/2-1/2"]
[ECO "B06"]
[WhiteElo "2302"]
[BlackElo "2328"]
[PlyCount "65"]
[EventDate "2019.??.??"]
[WhiteTeam "Clichy Echecs 92"]
[BlackTeam "Livry Gargan"]
[TimeControl "6600+1025"]
[WhiteClock "0:06:43"]
[BlackClock "0:45:33"]

1. e4 d6 2. d4 g6 3. Nc3 Bg7 4. Nf3 a6 5. Bd3 e6 6. O-O Ne7 7. e5 Nd7 8.
exd6 cxd6 9. Ne4 Qc7 10. Bf4 e5 11. dxe5 dxe5 12. Bg5 f6 13. Nd6+ Kf8 14. Nxc8 Rxc8 15. Bd2 Kf7 16. b3 Rhd8 17. Bc4+ Ke8 18. Rc1 b5 19. Be2 Nc5 20. Qe1 Qb7 21. Ba5 Rd7 22. b4 Ne6 23. c4 Nf4 24. g3 Nxe2+ 25.
Qxe2 bxc4 26. Nd2 c3 27. Ne4 Nf5 28. Rxc3 Rxc3 29. Nxc3 Nd4 30.
Qe4 f5 31. Qxb7 Rxb7 32. Nd5 Kd7 33. Kg2 1/2-1/2